 Dungeon Crawl Stone Soup version 0.31-a0-1591-g515db51633 (webtiles) character file.

Game seed: 3424053845910535375

14803 graki42 the Destroyer (level 12, -3/91 HPs)
             Began as a Gnoll Conjurer on Jan 6, 2024.
             Was an Elder of Sif Muna.
             Slain by a reaper
             ... wielding a -4 scythe of freezing
              (24 damage)
             ... in an ice cave.
             The game lasted 00:43:17 (12544 turns).

graki42 the Destroyer (Gnoll Conjurer)             Turns: 12544, Time: 00:43:17

Health: -3/91      AC: 14    Str:  6    XL:     12   Next: 20%
Magic:  10/25      EV: 15    Int: 23    God:    Sif Muna [****..]
Gold:   627        SH:  0    Dex: 11    Spells: 18/29 levels left

rFire   . . .        v - +2 dagger (venom)
rCold   . . .        (no shield)
rNeg    + . .        e - +5 robe "Soacsi Acoll" {Regen+ SInv}
rPois   +            a - +0 helmet
rElec   .            s - +2 cloak {rPois}
rCorr   .            l - +0 pair of gloves {hurl}
SInv    +            c - +0 pair of boots
Will    .....        G - amulet of regeneration
Stlth   ++++         F - ring of positive energy
HPRegen 1.95/turn    (no ring)
MPRegen 0.19/turn

%: no passive effects
@: no status effects
A: fangs 1, strong nose, distributed training
a: Renounce Religion, Channel Magic, Forget Spell, Divine Exegesis


You were in an ice cave.
You worshipped Sif Muna.
Sif Muna was greatly pleased with you.
You visited 3 branches of the dungeon, and saw 12 of its levels.
You also visited: Ice Cave.

You collected 627 gold pieces.

Inventory:

Hand Weapons
 q - the +0 broad axe of Invincibility {flame, rPois rC+++ rN+ Int-4}
   (You found it on level 3 of the Dungeon)

   Int-4:     It affects your intelligence (-4).
   rC+++:     It renders you almost immune to cold.
   rPois:     It protects you from poison rN+: It protects you from negative
   energy.
 v - a +2 dagger of venom (weapon)
Missiles
 D - 2 throwing nets
Armour
 a - a +0 helmet (worn)
 c - a +0 pair of boots (worn)
 e - the +5 robe "Soacsi Acoll" (worn) {Regen+ SInv}
   (You found it on level 5 of the Dungeon)

   SInv:      It lets you see invisible.
   Regen+:    It increases your rate of health regeneration.
 l - a +0 pair of gloves of hurling (worn)
 s - a +2 cloak of poison resistance (worn)
Jewellery
 k - a ring of poison resistance
 F - a ring of positive energy (left hand)
 G - an amulet of regeneration (around neck)
Wands
 x - a wand of digging (20)
 A - a wand of flame (42)
 C - a wand of paralysis (9)
 E - a wand of iceblast (16)
Scrolls
 d - 3 scrolls of teleportation {unknown}
 f - 3 scrolls of vulnerability
 g - 5 scrolls of noise {unknown}
 m - a scroll of blinking
 p - 3 scrolls of enchant armour {unknown}
 r - 2 scrolls of fear {unknown}
 u - 4 scrolls of fog {unknown}
 y - 2 scrolls of poison {unknown}
 z - a scroll of amnesia
 H - a scroll of acquirement {unknown}
Potions
 b - 2 potions of magic
 h - 4 potions of cancellation {unknown}
 i - 6 potions of enlightenment {unknown}
 j - 3 potions of curing
 n - 2 potions of lignification
 t - 2 potions of might
 w - a potion of berserk rage
 B - 3 potions of mutation
 I - a potion of brilliance {unknown}


   Skills:
 + Level 7.3 Fighting
 + Level 7.3 Short Blades
 + Level 7.3 Long Blades
 + Level 7.3 Axes
 + Level 7.3 Maces & Flails
 + Level 7.3 Polearms
 + Level 7.3 Staves
 + Level 7.3 Ranged Weapons
 + Level 7.3 Throwing
 + Level 7.3 Armour
 + Level 8.7 Dodging
 + Level 8.5 Stealth
 + Level 7.3 Shields
 + Level 7.3 Unarmed Combat
 + Level 9.0 Spellcasting
 + Level 9.4 Conjurations
 + Level 6.1 Hexes
 + Level 6.1 Summonings
 + Level 6.1 Necromancy
 + Level 6.1 Translocations
 + Level 6.1 Fire Magic
 + Level 6.1 Ice Magic
 + Level 6.1 Air Magic
 + Level 6.1 Earth Magic
 + Level 6.1 Alchemy
 + Level 8.0 Invocations
 + Level 7.3 Evocations
 + Level 6.6 Shapeshifting


You had 18 spell levels left.
You knew the following spells:

 Your Spells              Type           Power      Damage    Failure   Level
a - Magic Dart            Conj           100%       1d8       1%          1
b - Searing Ray           Conj           100%       2d8       1%          2
c - Fulminant Prism       Conj/Alch      23%        3d12      2%          4
d - Iskenderun's Mystic   Conj/Tloc      46%        2d10      2%          4

Your spell library contained the following spells:

 Spells                   Type           Power      Damage    Failure   Level
 Freeze                   Ice            100%       1d10      1%          1
 Frozen Ramparts          Ice            76%        1d12      1%          3
 Hailstorm                Conj/Ice       46%        3d10      1%          3
 Passage of Golubria      Tloc           38%        N/A       4%          4
 Silence                  Hex/Air        19%        N/A       14%         5
 Lehudib's Crystal Spear  Conj/Erth      23%        10d6      100%        8


Dungeon Overview and Level Annotations

Branches:
Dungeon (10/15)            Temple (1/1) D:6            Lair (1/5) D:9
    Orc (0/2) D:10          IceCv (1/1)

Altars:
Ashenzari
Cheibriados
Dithmenos
Elyvilon
Fedhas
Gozag
Hepliaklqana
Kikubaaqudgha
Makhleb
Nemelex Xobeh
Okawaru
Qazlal
Ru
Sif Muna
Trog
Uskayaw
Vehumet
Wu Jian
Xom
Yredelemnul
Zin
The Shining One

Shops:
D:7 [[


Innate Abilities, Weirdness & Mutations

You have very sharp teeth.
Your uncanny sense of smell can sniff out nearby items.
Your experience applies equally to all skills.


Message History

Your Spellcasting skill increases to level 9!
You feel much better. The reaper hits you but does no damage.
Casting: Iskenderun's Mystic Blast (dangerous; 2% risk of failure)
Confirm with . or Enter, or press ? or * to list all spells.
You erupt in a blast of force!
The mystic blast hits the death yak simulacrum!
The death yak simulacrum is heavily damaged.
The death yak simulacrum is knocked back by the mystic blast.
The death yak simulacrum slams into the ice covered rock wall!
The death yak simulacrum is heavily damaged.
The mystic blast hits the reaper.
The reaper is heavily wounded.
The reaper is knocked back by the mystic blast.
The reaper slams into the ice covered rock wall!
The reaper is heavily wounded.
The reaper hits you but does no damage.
Casting: Iskenderun's Mystic Blast (dangerous; 2% risk of failure)
Confirm with . or Enter, or press ? or * to list all spells.
You erupt in a blast of force!
The mystic blast hits the death yak simulacrum!
The death yak simulacrum is almost destroyed.
The death yak simulacrum is knocked back by the mystic blast.
The death yak simulacrum slams into the ice covered rock wall!
The death yak simulacrum vaporises!
Sif Muna accepts your kill.
The mystic blast hits the reaper but does no damage.
The reaper is heavily wounded.
You feel less invigorated.
The reaper hits you from afar with a -4 scythe of freezing!!!
* * * LOW HITPOINT WARNING * * *
The reaper drags you backwards! The reaper freezes you!
* * * LOW HITPOINT WARNING * * *
You feel much better.
The reaper hits you with a -4 scythe of freezing!!
* * * LOW HITPOINT WARNING * * *
The reaper freezes you.
* * * LOW HITPOINT WARNING * * *
You feel much better.
The reaper hits you with a -4 scythe of freezing!!
You die...

##########
###...##...######
###...##...##...#..
#2@..##########..#.
#.....## #..###
#..°.## ##.. #
###... ###.. ##..
### ###. ∆ # ∆ ∆


You could see a reaper.

Vanquished Creatures
  2 two-headed ogres
  Urug (D:10)
  A manticore (D:10)
  Maurice (D:9)
  3 cane toads (Lair:1)
  An ice statue (IceCv)
  2 komodo dragons
  An anaconda simulacrum (IceCv)
  2 trolls
  Grinder (D:4)
  A hornet (D:9)
  A shadow (D:10)
  A wraith (D:9)
  2 dire elephant simulacra (IceCv)
  15 yaks
  A vampire (D:10)
  3 vampire mosquitoes (D:10)
  3 death yak simulacra (IceCv)
  4 water moccasins
  An acid dragon (D:10)
  2 hydra simulacra (IceCv)
  A sky beast (D:6)
  A black bear (D:6)
  2 ogres
  3 ice beasts
  An orc warrior (D:10)
  6 wolves (Lair:1)
  7 centaurs
  The ghost of Flugslaktarn the Apothecary, an amateur OpAl (D:4)
  A kobold brigand (D:6)
  7 bullfrogs
  7 scorpions
  3 two-headed ogre simulacra (IceCv)
  A cane toad simulacrum (IceCv)
  A gnoll sergeant (D:9)
  7 wights
  A troll zombie (D:10)
  5 killer bees (D:9)
  2 elephant simulacra (IceCv)
  3 howler monkeys
  A jelly (D:8)
  5 orc priests
  A bombardier beetle (D:4)
  4 hounds
  A sleepcap (D:6)
  Crazy Yiuf (D:3)
  4 iguanas
  5 orc wizards
  2 polar bear simulacra (IceCv)
  6 spriggan simulacra (IceCv)
  3 troll simulacra (IceCv)
  A wolf simulacrum (IceCv)
  7 ogre zombies (D:10)
  8 gnolls
  8 adders
  3 naga simulacra (IceCv)
  A shadow imp (D:7)
  5 white imps (IceCv)
  9 ufetubi
  2 ribbon worms
  25 orcs
  4 bats
  6 endoplasms
  4 giant cockroaches
  9 goblins
  7 hobgoblins
  2 jackals (D:5)
  13 kobolds
  10 quokkas
  11 ball pythons
  6 frilled lizards
  A gnoll skeleton (D:10)
  2 gnoll zombies (D:10)
  4 orc skeletons (D:10)
  17 orc zombies (D:10)
  5 rats
312 creatures vanquished.

Vanquished Creatures (others)
  5 fulminant prisms (IceCv)
5 creatures vanquished.

Grand Total: 317 creatures vanquished

Notes
Turn   | Place    | Note
-------+----------+-------------------------------------------
     0 | D:1      | graki42 the Gnoll Conjurer began the quest for the Orb.
     0 | D:1      | Reached XP level 1. HP: 13/13 MP: 6/6
   154 | D:1      | Reached XP level 2. HP: 19/19 MP: 5/7
   157 | D:1      | Learned a level 2 spell: Searing Ray
   823 | D:2      | Reached skill level 5 in Spellcasting
   823 | D:2      | Reached XP level 3. HP: 21/25 MP: 0/9
  1255 | D:2      | Reached skill level 1 in Invocations
  1321 | D:2      | Noticed a scorpion
  1329 | D:2      | Killed a scorpion
  1330 | D:2      | Reached skill level 1 in Fighting
  1330 | D:2      | Reached skill level 1 in Short Blades
  1330 | D:2      | Reached skill level 1 in Long Blades
  1330 | D:2      | Reached skill level 1 in Axes
  1330 | D:2      | Reached skill level 1 in Maces & Flails
  1330 | D:2      | Reached skill level 1 in Polearms
  1330 | D:2      | Reached skill level 1 in Staves
  1330 | D:2      | Reached skill level 1 in Ranged Weapons
  1330 | D:2      | Reached skill level 1 in Throwing
  1330 | D:2      | Reached skill level 1 in Armour
  1330 | D:2      | Reached skill level 1 in Shields
  1330 | D:2      | Reached skill level 1 in Unarmed Combat
  1330 | D:2      | Reached skill level 1 in Hexes
  1330 | D:2      | Reached skill level 1 in Summonings
  1330 | D:2      | Reached skill level 1 in Necromancy
  1330 | D:2      | Reached skill level 1 in Translocations
  1330 | D:2      | Reached skill level 1 in Fire Magic
  1330 | D:2      | Reached skill level 1 in Ice Magic
  1330 | D:2      | Reached skill level 1 in Air Magic
  1330 | D:2      | Reached skill level 1 in Earth Magic
  1330 | D:2      | Reached skill level 1 in Alchemy
  1330 | D:2      | Reached skill level 1 in Evocations
  1330 | D:2      | Reached skill level 1 in Shapeshifting
  1330 | D:2      | Reached XP level 4. HP: 32/32 MP: 1/11
  1335 | D:2      | Learned a level 4 spell: Fulminant Prism
  1340 | D:2      | Learned a level 4 spell: Iskenderun's Mystic Blast
  1589 | D:2      | Reached XP level 5. HP: 37/37 MP: 12/12
  1975 | D:3      | Identified the +0 broad axe of Invincibility {flame, rPois
                  | rC+++ rN+ Int-4}
  2113 | D:3      | Found a runed translucent door.
  2114 | D:3      | Noticed Crazy Yiuf
  2123 | D:3      | Killed Crazy Yiuf
  2871 | D:4      | Reached XP level 6. HP: 43/44 MP: 14/14
  2906 | D:4      | Reached skill level 5 in Dodging
  3123 | D:4      | Found a transporter.
  3123 | D:4      | Noticed Flugslaktarn's ghost (amateur OpAl)
  3159 | D:4      | Found a transporter.
  3244 | D:4      | Killed Flugslaktarn's ghost
  3251 | D:4      | Reached XP level 7. HP: 45/51 MP: 0/15
  3416 | D:4      | Noticed Grinder
  3422 | D:4      | Killed Grinder
  3423 | D:4      | Reached skill level 5 in Stealth
  3846 | D:5      | Entered Level 5 of the Dungeon
  3873 | D:5      | Reached XP level 8. HP: 58/58 MP: 13/16
  3941 | D:5      | Found a basalt altar of Yredelemnul.
  4234 | D:5      | Identified the +5 robe "Soacsi Acoll" {Regen+ SInv}
  4542 | D:5      | Found a sacrificial altar of Ru.
  5354 | D:6      | Reached XP level 9. HP: 65/65 MP: 7/18
  5589 | D:6      | Found a staircase to the Ecumenical Temple.
  5615 | Temple   | Entered the Ecumenical Temple
  5626 | Temple   | Became a worshipper of Sif Muna the Loreminder
  6250 | D:7      | Found Qevay's Armour Shop.
  6361 | D:7      | Reached skill level 5 in Invocations
  6457 | D:7      | Found a snail-covered altar of Cheibriados.
  6457 | D:7      | Found Cheibriados's Comfort Zone.
  7542 | D:8      | Reached skill level 5 in Fighting
  7542 | D:8      | Reached skill level 5 in Short Blades
  7542 | D:8      | Reached skill level 5 in Long Blades
  7542 | D:8      | Reached skill level 5 in Axes
  7542 | D:8      | Reached skill level 5 in Maces & Flails
  7542 | D:8      | Reached skill level 5 in Polearms
  7542 | D:8      | Reached skill level 5 in Staves
  7542 | D:8      | Reached skill level 5 in Ranged Weapons
  7542 | D:8      | Reached skill level 5 in Throwing
  7542 | D:8      | Reached skill level 5 in Armour
  7542 | D:8      | Reached skill level 5 in Shields
  7542 | D:8      | Reached skill level 5 in Unarmed Combat
  7542 | D:8      | Reached skill level 5 in Evocations
  7542 | D:8      | Reached XP level 10. HP: 74/74 MP: 15/20
  7578 | D:8      | Noticed a two-headed ogre
  7587 | D:8      | Killed a two-headed ogre
  8008 | D:8      | Found a white marble altar of Elyvilon.
  8024 | D:9      | Noticed Maurice
  8029 | D:9      | Maurice stole the +0 broad axe of Invincibility {flame,
                  | rPois rC+++ rN+ Int-4}
  8045 | D:9      | Maurice stole a ring of positive energy
  8046 | D:9      | Maurice stole 356 gold
  8047 | D:9      | Killed Maurice
  8171 | D:9      | Found a radiant altar of Vehumet.
  8201 | D:9      | Reached skill level 5 in Shapeshifting
  8206 | D:9      | Reached * piety under Sif Muna
  8686 | D:9      | Found a staircase to the Lair.
  8949 | D:9      | Noticed a two-headed ogre
  8961 | D:9      | Killed a two-headed ogre
  9103 | D:9      | Reached skill level 5 in Hexes
  9103 | D:9      | Reached skill level 5 in Summonings
  9103 | D:9      | Reached skill level 5 in Necromancy
  9103 | D:9      | Reached skill level 5 in Translocations
  9103 | D:9      | Reached skill level 5 in Fire Magic
  9103 | D:9      | Reached skill level 5 in Ice Magic
  9103 | D:9      | Reached skill level 5 in Air Magic
  9103 | D:9      | Reached skill level 5 in Earth Magic
  9103 | D:9      | Reached skill level 5 in Alchemy
  9127 | D:9      | Reached XP level 11. HP: 81/81 MP: 16/22
  9373 | D:10     | Entered Level 10 of the Dungeon
  9373 | D:10     | Found a sparkling altar of Nemelex Xobeh.
  9594 | D:10     | Noticed a manticore
  9610 | D:10     | Killed a manticore
  9743 | D:10     | Found a staircase to the Orcish Mines.
 10168 | D:10     | Reached ** piety under Sif Muna
 10744 | D:10     | Noticed Urug
 10766 | D:10     | Killed Urug
 11264 | Lair:1   | Entered Level 1 of the Lair of Beasts
 11625 | Lair:1   | Reached *** piety under Sif Muna
 11658 | Lair:1   | Found a frozen archway.
 11667 | IceCv    | Entered an ice cave
 11768 | IceCv    | Reached XP level 12. HP: 91/91 MP: 5/24
 12528 | IceCv    | Noticed a reaper
 12536 | IceCv    | Reached **** piety under Sif Muna
 12542 | IceCv    | HP: 1/91 [reaper/-4 scythe of freezing (14)]
 12544 | IceCv    | Slain by a reaper

Illustrated notes

Levels and vault maps discovered:
D:1:      lightli_arrival_isolated_outpost, layout_rooms,
          minmay_misc_feat_roman, nicolae_concentric_dashed_squares_wild,
          dk_noncrumbling_4, minmay_fountain_box, minmay_misc_feat_hallway
D:2:      layout_basic
D:3:      layout_loops_ring, kennysheep_generic_room_7, uniq_crazy_yiuf_cottage
D:4:      layout_loops_ring, gammafunk_ghost_arena, uniq_grinder
D:5:      layout_gridville, nicolae_ru_great_annihilating_truth,
          lemuel_doored_altar, kb_lookout_dungeons_type,
          chequers_serial_rivers_small_b
D:6:      layout_basic, temple_pool_b
D:7:      layout_gridville, serial_shops, nicolae_shop_just_a_little_nook,
          minmay_shop_chei
D:8:      layout_loops_ring, kennysheep_little_box, st_stairs_13,
          kennysheep_generic_room_15
D:9:      layout_loops_corners, old_standard_altar,
          grunt_lair_entry_orc_guard_hut, uniq_maurice
D:10:     layout_cave_pods, nemelex_xobeh_ov_fountains_minmay,
          zombieorc2_lemuel, serial_park, serial_park_paths
          [serial_park_minivault_5x5_3], serial_park_tiny_1,
          minmay_misc_feat_iff, uniq_urug
Temple:   nicolae_temple_bog_church
Lair:1:   layout_regular_city, portal_ice_cave_entry_pillars_1,
          grunt_megastairs_1
IceCv:    ice_cave_caverns_03

Skill      XL: |  1  2  3  4  5  6  7  8  9 10 11 12 |
---------------+-------------------------------------+-----
Spellcasting   | 5 6 7 8 9 |  9.0
Invocations    | 1 2 3 4 5 6 7 8 |  8.0
Fighting       | 1 2 3 5 6 7 |  7.3
Short Blades   | 1 2 3 5 6 7 |  7.3
Long Blades    | 1 2 3 5 6 7 |  7.3
Axes           | 1 2 3 5 6 7 |  7.3
Maces & Flails | 1 2 3 5 6 7 |  7.3
Polearms       | 1 2 3 5 6 7 |  7.3
Staves         | 1 2 3 5 6 7 |  7.3
Ranged Weapons | 1 2 3 5 6 7 |  7.3
Throwing       | 1 2 3 5 6 7 |  7.3
Armour         | 1 2 3 5 6 7 |  7.3
Shields        | 1 2 3 5 6 7 |  7.3
Unarmed Combat | 1 2 3 5 6 7 |  7.3
Hexes          | 1 2 3 4 5 6 |  6.1
Summonings     | 1 2 3 4 5 6 |  6.1
Necromancy     | 1 2 3 4 5 6 |  6.1
Translocations | 1 2 3 4 5 6 |  6.1
Fire Magic     | 1 2 3 4 5 6 |  6.1
Ice Magic      | 1 2 3 4 5 6 |  6.1
Air Magic      | 1 2 3 4 5 6 |  6.1
Earth Magic    | 1 2 3 4 5 6 |  6.1
Alchemy        | 1 2 3 4 5 6 |  6.1
Evocations     | 1 2 3 5 6 7 |  7.3
Shapeshifting  | 1 2 3 4 5 6 |  6.6
Dodging        | 5 6 7 8 |  8.7
Stealth        | 5 6 7 8 |  8.5
Conjurations   | 8 9 |  9.4

Action                     |  1- 3 |  4- 6 |  7- 9 | 10-12 || total
---------------------------+-------+-------+-------+-------++-------
  Melee: Dagger            |    24 |   125 |   229 |   198 ||   576
         Bite              |     2 |     5 |    40 |    29 ||    76
         Punch             |     1 |       |    13 |    10 ||    24
   Cast: Magic Dart        |    24 |       |       |    23 ||    47
         Searing Ray       |     4 |    13 |    31 |    77 ||   125
         Iskenderun's Myst |       |       |     8 |    64 ||    72
         Fulminant Prism   |       |       |       |     5 ||     5
 Invoke: Channel Magic     |       |       |       |     5 ||     5
    Use: Scroll            |       |       |     8 |     4 ||    12
         Potion            |       |       |       |     3 ||     3
   Stab: Sleeping          |     5 |    11 |    15 |     5 ||    36
         Paralysed         |       |       |     1 |       ||     1
         Distracted        |       |       |       |     4 ||     4
 Armour: Robe              |    11 |    71 |   128 |   228 ||   438
  Dodge: Dodged            |    11 |    91 |   147 |   204 ||   453

Table legend: (Time is in decaauts)
 A = Elapsed time spent in this place.
 B = Non-inter-level travel time spent in this place.
 C = Inter-level travel time spent in this place.
 D = Time resting spent in this place.
 E = Time spent auto-exploring this place.
 F = Levels seen in this place.
 G = Mean time per level.
                   A        B        C        D        E       F      G
               +--------+--------+--------+--------+--------+-----+--------+
         Total |  12447 |  12134 |    313 |   1065 |   8758 |  13 |  957.5 |
       Dungeon |  11170 |  10857 |    313 |    747 |   8267 |  10 | 1117.0 |
        Temple |     27 |     27 |      0 |      0 |      0 |   1 |   27.0 |
          Lair |    385 |    385 |      0 |      0 |    182 |   1 |  385.0 |
      Ice Cave |    865 |    865 |      0 |    318 |    309 |   1 |  865.0 |
               +--------+--------+--------+--------+--------+-----+--------+

Top non-repeatable levels by time:
    D:10: 1704 daAuts
     D:9: 1507 daAuts
     D:5: 1095 daAuts
     D:2: 1080 daAuts
     D:7: 1021 daAuts
     D:6: 1008 daAuts
     D:4: 1004 daAuts
     D:8: 993 daAuts
     D:3: 976 daAuts
   IceCv: 865 daAuts
     D:1: 777 daAuts
  Lair:1: 385 daAuts
  Temple: 27 daAuts
